 Dungeon Crawl Stone Soup version 0.30.1-11-g7821555f0a (webtiles) character file.

Game seed: 4318769131162619378

3 SacredBeard the Grave Robber (level 1, 0/13 HPs)
             Began as a Demonspawn Necromancer on Nov 3, 2023.
             Slain by a quokka (1 damage)
             ... on level 1 of the Dungeon.
             The game lasted 00:00:54 (42 turns).

SacredBeard the Grave Robber (Demonspawn Necromancer) Turns: 42, Time: 00:00:55

Health: 0/13       AC:  2    Str:  8    XL:     1   Next: 41%
Magic:  0/3        EV: 12    Int: 16    God:
Gold:   0          SH:  0    Dex: 13    Spells: 3/4 levels left

rFire   . . .        (no weapon)
rCold   . . .        (no shield)
rNeg    . . .        a - +0 robe
rPois   .            (no helmet)
rElec   .            (no cloak)
rCorr   .            (no gloves)
SInv    .            (no boots)
Will    .....        (no amulet)
Stlth   ++           (no ring)
HPRegen 0.22/turn    (no ring)
MPRegen 0.08/turn

%: no passive effects
@: no status effects
A: no striking features
a: no special abilities


You were on level 1 of the Dungeon.
You visited 1 branch of the dungeon, and saw 1 of its levels.

Inventory:

Armour
 a - a +0 robe (worn)
Potions
 b - a potion of magic


   Skills:
 + Level 0.1 Fighting
 + Level 0.1 Armour
 + Level 1.8 Dodging
 + Level 1.8 Stealth
 + Level 2.0 Spellcasting
 + Level 4.4 Necromancy


You had 3 spell levels left.
You knew the following spells:

 Your Spells              Type           Power      Damage    Failure   Level
a - Necrotise             Necr           60%        1d7       3%          1

Your spell library contained the following spells:

 Spells                   Type           Power      Damage    Failure   Level
 Vampiric Draining        Necr           15%        2d7       10%         3
 Animate Dead             Necr           15%        N/A       32%         4
 Agony                    Necr           15%        N/A       67%         5


Dungeon Overview and Level Annotations

Branches:
Dungeon (1/15) Zot: 5957

Altars:


Message History

The giant cockroach barely misses your hobgoblin skeleton.
You barely miss the quokka.
The quokka is heavily wounded.
The giant cockroach bites your jackal skeleton.
The quokka barely misses you.
Your jackal skeleton barely misses the quokka.
A ball python comes into view.
The rat bites your jackal skeleton.
You closely miss the quokka.
The quokka is heavily wounded.
The quokka bites you.
Your jackal skeleton closely misses the rat.
The giant cockroach closely misses your jackal skeleton.
Your hobgoblin skeleton hits the kobold.
The kobold dies!
The giant cockroach barely misses your jackal skeleton.
A kobold comes into view. It is wielding a +0 dagger.
Your jackal skeleton bites the rat.
The quokka bites you. The rat bites your jackal skeleton.
You closely miss the quokka.
The quokka is moderately wounded.
Your hobgoblin skeleton hits the giant cockroach but does no damage.
The giant cockroach barely misses your jackal skeleton.
The quokka bites you.
* * * LOW HITPOINT WARNING * * *
Your jackal skeleton bites the rat but does no damage.
The rat bites your jackal skeleton.
Your jackal skeleton is destroyed!
Casting: Necrotise (safe; 3% risk of failure)
Confirm with . or Enter, or press ? or * to list all spells.
You don't have enough magic to cast this spell.
Unknown command.
Casting: Necrotise (safe; 3% risk of failure)
Confirm with . or Enter, or press ? or * to list all spells.
You don't have enough magic to cast this spell.
Unknown command.
You hit the quokka but do no damage.
The quokka is moderately wounded.
The quokka bites you.
You die...

..........##...
...............
...............
.........(..K..
.....#....S....
#..Z.Br.....
#######B.r......
≈≈≈≈≈≈≈r≈≈≈≈≈≈≈≈
####≈≈≈@≈≈≈####≈
####'####
+.......+
####'####+#
#.......#.#
#...8...#.#
+.#####.+.#
#...8...#.#
#.......#.#


You could see a quokka (ally target), 2 giant cockroaches, a ball python, a
kobold, 2 rats and a friendly hobgoblin skeleton.

Vanquished Creatures
  A hobgoblin (D:1)
  A jackal (D:1)
2 creatures vanquished.

Vanquished Creatures (collateral kills)
  A kobold (D:1)
1 creature vanquished.

Grand Total: 3 creatures vanquished

Notes
Turn   | Place    | Note
-------+----------+-------------------------------------------
     0 | D:1      | SacredBeard the Demonspawn Necromancer began the quest for
                  | the Orb.
     0 | D:1      | Reached XP level 1. HP: 13/13 MP: 3/3
    42 | D:1      | Slain by a quokka

Illustrated notes

Levels and vault maps discovered:
D:1:      heliophobic_arrival_glass_houses, layout_rooms, serial_shops,
          nicolae_book_shop_shelving

Action                     || total
---------------------------++-------
  Melee: Unarmed           ||    10
         Punch             ||     2
   Cast: Necrotise         ||     3
 Armour: Robe              ||     5
  Dodge: Dodged            ||     6
